 Dungeon Sprint DCSS version 0.26-a0-663-g36e8fdb655 (webtiles) character file.

Game seed: 3437938811491515706

829 sahdkjhfkaj the Destroyer (level 7, -8/48 HPs)
             Began as a Tengu Conjurer on Oct 10, 2020.
             Was a High Priest of Cheibriados.
             Mangled by a deep troll (12 damage)
             ... in the Dungeon (Sprint VII: "The Pits").
             The game lasted 00:02:12 (695 turns).

sahdkjhfkaj the Destroyer (Tengu Conjurer)           Turns: 695, Time: 00:02:16

Health: -8/48      AC:  2    Str: 21    XL:     7   Next: 97%
Magic:  14/18      EV: 21    Int: 35    God:    Cheibriados [*****.]
Gold:   0          SH:  0    Dex: 26    Spells: 16/19 levels left

rFire    . . .     SeeInvis .   n - +2 long sword (flame)
rCold    . . .     Faith    .   (no shield)
rNeg     . . .     Spirit   .   a - +0 robe
rPois    .         Reflect  .   (helmet restricted)
rElec    .         Harm     .   (no cloak)
rCorr    .         Rampage  .   (no gloves)
MR       .....     NoTele   +   (boots unavailable)
Stlth    +++.......             (no amulet)
HPRegen  0.16/turn              (no ring)
MPRegen  0.16/turn              (no ring)

@: very slow
A: beak, talons 3, able to fly
a: Fly, Bend Time, Temporal Distortion, Slouch, Step From Time, Renounce
Religion


You were in the Dungeon.
You worshipped Cheibriados.
Cheibriados was extremely pleased with you.
You visited 1 branch

Inventory:

Hand Weapons
 n - a +2 long sword of flaming (weapon)
Armour
 a - a +0 robe (worn)
Scrolls
 h - a scroll of blinking
 j - 3 scrolls of remove curse
 k - 5 scrolls of amnesia
 l - a scroll of summoning
 m - 2 scrolls of vulnerability
Potions
 c - 6 potions of curing
 d - 6 potions of heal wounds
 e - a potion of haste
 f - 4 potions of magic
 g - 3 potions of berserk rage
 i - 2 potions of invisibility


   Skills:
 + Level 7.1 Fighting
 + Level 8.0 Armour
 + Level 8.4 Dodging
 - Level 2.0 Stealth
 + Level 6.9 Spellcasting
 - Level 10.2 Conjurations
 + Level 4.5 Invocations


You had 16 spell levels left.
You knew the following spells:

 Your Spells              Type           Power        Failure   Level
a - Magic Dart            Conj           ####         1%          1
b - Searing Ray           Conj           ######       1%          2

Your spell library contained the following spells:

 Spells                   Type           Power        Failure   Level
 Dazzling Flash           Conj/Hex       #####.       1%          3
 Fulminant Prism          Conj/Hex       #####.....   4%          4
 Iskenderun's Mystic Bla  Conj/Tloc      #####...     4%          4


Dungeon Overview and Level Annotations

Branches:
Dungeon (1/1)

Altars:
Ashenzari
Cheibriados
Dithmenos
Elyvilon
Fedhas
Gozag
Hepliaklqana
Kikubaaqudgha
Makhleb
Nemelex Xobeh
Okawaru
Qazlal
Ru
Sif Muna
Trog
Uskayaw
Vehumet
Wu Jian
Xom
Yredelemnul
Zin
The Shining One
Beogh
Jiyva
Lugonu


Innate Abilities, Weirdness & Mutations

You have a beak for a mouth.
You have claws for feet.
You can fly continuously.


Message History

Aiming: Searing Ray (safe; 1% risk of failure)
Press: ? - help, Shift-Dir - straight line, f - deep troll
Aim: a deep troll The searing ray hits the deep troll!
The deep troll is lightly wounded. (Press . to maintain the ray.)
The deep troll closely misses you. The deep troll barely misses you.
The deep troll closely misses you.
The searing ray hits the deep troll!
The deep troll is moderately wounded.
The deep troll bites you but does no damage.
The deep troll closely misses you. The deep troll claws you.
The searing ray hits the deep troll!
The deep troll is heavily wounded.
The deep troll bites you!
* * * LOW HITPOINT WARNING * * *
The deep troll claws you!
* * * LOW HITPOINT WARNING * * *
The deep troll claws you!
You die...

#[#..#.)))[##.......#
#'###########.......#
#)[.....# #########
#..###..# #.......#
##.###.##+#
#.......#.+
#..###..#T#
#.......@.#
###########


You could see a deep troll.

Vanquished Creatures
  A warg (D)
  2 water moccasins (D)
  3 floating eyes (D)
  An orc warrior (D)
  A jelly (D)
  An orc wizard (D)
  A worker ant (D)
  A river rat (D)
  An ooze (D)
  4 orcs (D)
  2 giant cockroaches (D)
  A hobgoblin (D)
  A frilled lizard (D)
20 creatures vanquished.

Notes
Turn   | Place    | Note
-------+----------+-------------------------------------------
     0 | D        | sahdkjhfkaj the Tengu Conjurer began the quest for the Orb.
     0 | D        | Reached XP level 1. HP: 10/10 MP: 4/4
    11 | D        | Noticed a floating eye
    17 | D        | Killed a floating eye
    17 | D        | Reached skill level 7 in Conjurations
    17 | D        | Reached XP level 2. HP: 20/20 MP: 0/8
    17 | D        | Reached XP level 3. HP: 24/24 MP: 0/9
    17 | D        | Reached XP level 4. HP: 29/29 MP: 0/11
   108 | D        | Learned a level 2 spell: Searing Ray
   112 | D        | Found a bloodstained altar of Trog.
   112 | D        | Found a shimmering blue altar of Sif Muna.
   112 | D        | Found a viscous altar of Jiyva.
   112 | D        | Found a hazy altar of Hepliaklqana.
   112 | D        | Found an opulent altar of Gozag.
   113 | D        | Found a glowing golden altar of the Shining One.
   113 | D        | Found a glowing silver altar of Zin.
   113 | D        | Found a basalt altar of Yredelemnul.
   113 | D        | Found a shimmering altar of Xom.
   113 | D        | Found an ornate altar of the Wu Jian Council.
   113 | D        | Found a sacrificial altar of Ru.
   113 | D        | Found a stormy altar of Qazlal.
   113 | D        | Found an iron altar of Okawaru.
   113 | D        | Found a sparkling altar of Nemelex Xobeh.
   113 | D        | Found a burning altar of Makhleb.
   113 | D        | Found a blossoming altar of Fedhas.
   113 | D        | Found a white marble altar of Elyvilon.
   113 | D        | Found a shadowy altar of Dithmenos.
   113 | D        | Found a snail-covered altar of Cheibriados.
   114 | D        | Found a radiant altar of Vehumet.
   114 | D        | Found a corrupted altar of Lugonu.
   114 | D        | Found a roughly hewn altar of Beogh.
   115 | D        | Found an ancient bone altar of Kikubaaqudgha.
   115 | D        | Found a hide-covered altar of Uskayaw.
   115 | D        | Found a broken altar of Ashenzari.
   123 | D        | Became a worshipper of Cheibriados the Contemplative
   157 | D        | Noticed a floating eye
   159 | D        | Killed a floating eye
   159 | D        | Reached skill level 5 in Armour
   159 | D        | Reached skill level 5 in Dodging
   159 | D        | Reached skill level 5 in Spellcasting
   159 | D        | Reached skill level 8 in Conjurations
   159 | D        | Gained mutation: You can fly continuously. [Tengu growth]
   159 | D        | Reached XP level 5. HP: 34/34 MP: 9/13
   206 | D        | Reached * piety under Cheibriados
   237 | D        | Reached ** piety under Cheibriados
   237 | D        | Reached skill level 5 in Fighting
   237 | D        | Reached XP level 6. HP: 40/40 MP: 9/14
   277 | D        | Noticed a floating eye
   278 | D        | Reached skill level 1 in Invocations
   279 | D        | Paralysed by a floating eye for 4 turns
   285 | D        | Killed a floating eye
   285 | D        | Reached *** piety under Cheibriados
   285 | D        | Reached skill level 9 in Conjurations
   387 | D        | Noticed a water moccasin
   387 | D        | Noticed a warg
   388 | D        | Noticed an orc warrior
   392 | D        | Killed a water moccasin
   392 | D        | Reached XP level 7. HP: 32/46 MP: 12/17
   393 | D        | Reached **** piety under Cheibriados
   393 | D        | Reached skill level 10 in Conjurations
   394 | D        | Killed a warg
   397 | D        | Reached ***** piety under Cheibriados
   691 | D        | Noticed a deep troll
   695 | D        | Mangled by a deep troll

Illustrated notes

Levels and vault maps discovered:
D:        pitsprint [storerooms_1, entrance_room_1, metal_vault_4, armoury_2,
          mini_pit_1, grid_room_1, main_hall_1, silver_pit, the_coven_3,
          the_vestibule_1, steel_vault_3, golden_pit, hallway_of_sentries,
          crystal_vault_3, iron_vault_3, final_vault]

Skill      XL: |  1  2  3  4  5  6  7 |
---------------+----------------------+-----
Fighting       | 3 4 5 6 7 |  7.1
Armour         | 4 5 6 8 |  8.0
Dodging        | 4 5 6 7 8 |  8.4
Spellcasting   | 4 5 6 |  6.9
Conjurations   | 7 8 9 10 | 10.2
Invocations    | 3 4 |  4.5
Stealth        | |  2.0

Action                   |  1- 3 |  4- 6 |  7- 9 || total
-------------------------+-------+-------+-------++-------
Melee: Kick              |     2 |     1 |       ||     3
       Unarmed           |     2 |       |       ||     2
       Peck              |     1 |       |     1 ||     2
       Falchion          |       |     2 |       ||     2
       Long sword        |       |       |     2 ||     2
 Cast: Magic Dart        |     4 |       |       ||     4
       Searing Ray       |       |     6 |     5 ||    11
Armor: Robe              |       |     2 |     2 ||     4
Dodge: Dodged            |       |     4 |    10 ||    14

Table legend: (Time is in decaauts)
 A = Elapsed time spent in this place.
 B = Non-inter-level travel time spent in this place.
 C = Inter-level travel time spent in this place.
 D = Time resting spent in this place.
 E = Time spent auto-exploring this place.
 F = Levels seen in this place.
 G = Mean time per level.
                   A        B        C        D        E       F      G
               +--------+--------+--------+--------+--------+-----+--------+
         Total |    760 |    725 |     35 |    506 |      0 |   1 |  760.0 |
       Dungeon |    760 |    725 |     35 |    506 |      0 |   1 |  760.0 |
               +--------+--------+--------+--------+--------+-----+--------+

Top non-repeatable levels by time:
       D: 760 daAuts
